 Dungeon Crawl Stone Soup version 0.29.1-12-g30fa7ad0bf (webtiles) character file.

Game seed: 16832360871771545586

1118 KittyFluff the Covered (level 8, 0/49 HPs)
             Began as a Gargoyle Berserker on Jan 13, 2023.
             Was a Priest of Trog.
             Slain by an orc warrior
             ... wielding a +0 flail
              (3 damage)
             ... on level 6 of the Dungeon.
             The game lasted 00:24:12 (5236 turns).

KittyFluff the Covered (Gargoyle Berserker)         Turns: 5236, Time: 00:24:13

Health: 0/49       AC: 17    Str: 22    XL:     8   Next: 34%
Magic:  8/8        EV: 12    Int:  7    God:    Trog [***...]
Gold:   229        SH:  5    Dex: 11    Spells: 7/7 levels left

rFire   . . .      SeeInvis .   v - +0 mace (protect)
rCold   . . .      Faith    .   (no shield)
rNeg    + + .      Spirit   .   f - +0 leather armour
rPois   ∞          Reflect  +   (no helmet)
rElec   +          Harm     .   u - +0 cloak
rCorr   .          Rampage  .   (no gloves)
Will    .....                   (no boots)
Stlth   +.........              w - amulet of reflection
HPRegen 0.16/turn               d - ring of flight
MPRegen 0.11/turn               j - ring of positive energy

@: under a protective aura, flying
A: sickness immunity, AC +5, negative energy resistance 1, electricity
resistance, torment resistance 1, petrification resistance
a: Renounce Religion, Berserk, Trog's Hand


You were on level 6 of the Dungeon.
You worshipped Trog.
Trog was most pleased with you.
You visited 1 branch of the dungeon, and saw 6 of its levels.

You collected 229 gold pieces.

Inventory:

Hand Weapons
 a - a +0 mace
 m - a +0 flail
 p - the +6 glaive of Insomnia {freeze, rC+ Dex+3}
   (You found it on level 4 of the Dungeon)

   It freezes those it strikes, dealing additional cold damage.
   It can also slow down cold-blooded creatures.
   Dex:       It affects your dexterity (+3).
   rC:        It protects you from cold.
 t - a +0 sling
 v - a +0 mace of protection (weapon)
Missiles
 e - 37 stones (quivered)
 l - 8 boomerangs
Armour
 f - a +0 leather armour (worn)
 i - a +0 ring mail
 u - a +0 cloak (worn)
Jewellery
 d - a ring of flight (left hand)
 j - a ring of positive energy (right hand)
 w - an amulet of reflection (around neck)
Wands
 n - a wand of charming (11)
Scrolls
 b - a scroll of magic mapping
 g - a scroll of silence
 k - a scroll of enchant weapon {unknown}
 r - 2 scrolls of amnesia {unknown}
 s - a scroll of fear
 x - 2 scrolls of teleportation {unknown}
 y - a scroll of enchant armour
Potions
 c - a potion of lignification
 h - 2 potions of flight
 o - 2 potions of attraction
 q - a potion of curing {unknown}
 z - a potion of berserk rage {unknown}


   Skills:
 + Level 5.0 Fighting
 * Level 6.0 Maces & Flails
 + Level 2.9 Throwing
 * Level 6.1 Armour
 + Level 3.3 Dodging


You had 7 spell levels left.
You didn't know any spells.
Your spell library was empty.

Dungeon Overview and Level Annotations

Branches:
Dungeon (6/15)             Temple (0/1) D:4

Altars:
Cheibriados
Makhleb
Okawaru
Qazlal
Ru
Xom
Yredelemnul
Zin

Shops:
D:5 *


Innate Abilities, Weirdness & Mutations

You are immune to sickness and miasma.
Your stone body is resilient. (AC +5)
You are immune to poison.
You resist negative energy. (rN+)
You are resistant to electric shocks. (rElec)
You are resistant to unholy torment.
You are immune to petrification.


Message History

The necrophage barely misses you.
You thump the necrophage!
You destroy the necrophage!
Trog accepts your kill.
Your Fighting skill increases to level 5!
Your Maces & Flails skill increases to level 6!
You see here a scorpion corpse.
There is a stone staircase leading up here.
There is a stone staircase leading up here.
You fly upwards.
The rust devil screeches!
The orc warrior shouts!
The rust devil screeches!
Found a war axe, a glowing scimitar, a morningstar and a runed halberd.
There is a stone staircase leading down here.
Press: ? - help, v - describe, . - travel, g - get item Item here: a morningstar.
The floor.
The orc warrior barely misses you.
The orc warrior hits you with a +0 flail.
You block the orc warrior's attack. You block the orc warrior's attack.
The orc warrior misses you.
You fly downwards.
There is a stone staircase leading up here.
You closely miss the orc warrior. The orc warrior closely misses you.
You hit the orc warrior but do no damage.
Your weapon exudes an aura of protection.
The orc warrior misses you.
You hit the orc warrior.
The orc warrior is moderately wounded.
The orc warrior hits you with a +0 flail!
You hit the orc warrior.
The orc warrior is moderately wounded.
The orc warrior hits you with a +0 flail!
You barely miss the orc warrior.
The orc warrior is moderately wounded.
The orc warrior hits you with a +0 flail!
* * * LOW HITPOINT WARNING * * *
You barely miss the orc warrior.
The orc warrior is moderately wounded.
The orc warrior hits you with a +0 flail.
You die...

## ### #.####
####..##...#..
##.............
#............# #
#........# ##.
#....@..## ....
###..o...##.. #..#
##......... ...##
#...)......
#...###..........
#..#.....#......
.####..†<....###.#..
............## ####
..............#


You could see an orc warrior.

Vanquished Creatures
  Grinder (D:4)
  A water moccasin (D:6)
  An ogre (D:4)
  A necrophage (D:6)
  2 scorpions
  3 orc priests (D:4)
  2 hounds
  Jessica (D:3)
  2 iguanas (D:4)
  7 gnolls
  10 adders
  A river rat (D:4)
  A white imp (D:5)
  7 worms (D:4)
  3 dart slugs
  20 orcs
  9 ball pythons
  13 endoplasms
  3 giant cockroaches
  5 goblins
  7 hobgoblins
  2 quokkas
  8 bats
  3 frilled lizards (D:1)
  6 kobolds
  5 rats
124 creatures vanquished.

Vanquished Creatures (others)
  An angel (D:4)
  4 fungi (D:3)
  A plant (D:3)
6 creatures vanquished.

Grand Total: 130 creatures vanquished

Notes
Turn   | Place    | Note
-------+----------+-------------------------------------------
     0 | D:1      | KittyFluff the Gargoyle Berserker began the quest for the
                  | Orb.
     0 | D:1      | Reached XP level 1. HP: 14/14 MP: 1/1
   629 | D:1      | Reached XP level 2. HP: 19/19 MP: 2/2
  1120 | D:1      | Reached XP level 3. HP: 23/23 MP: 3/3
  1325 | D:2      | You are sucked into a shaft and drop 2 floors!
  1357 | D:4      | Noticed Grinder
  1384 | D:4      | Killed Grinder
  1385 | D:4      | Reached skill level 1 in Throwing
  1385 | D:4      | Reached XP level 4. HP: 18/29 MP: 4/4
  1385 | D:4      | Reached XP level 5. HP: 20/33 MP: 5/5
  1385 | D:4      | Reached XP level 6. HP: 24/38 MP: 6/6
  1477 | D:4      | Killed an angel
  1517 | D:4      | Found a sacrificial altar of Ru.
  1799 | D:4      | Identified the +6 glaive of Insomnia {freeze, rC+ Dex+3}
  1982 | D:4      | Found a staircase to the Ecumenical Temple.
  1996 | D:4      | Reached XP level 7. HP: 36/44 MP: 7/7
  2008 | D:4      | Reached ** piety under Trog
  2038 | D:4      | Reached skill level 5 in Maces & Flails
  2472 | D:2      | Reached skill level 5 in Armour
  3098 | D:3      | Found a burning altar of Makhleb.
  3145 | D:3      | Noticed Jessica
  3150 | D:3      | Killed Jessica
  3322 | D:3      | Reached *** piety under Trog
  3485 | D:3      | Found a snail-covered altar of Cheibriados.
  3529 | D:3      | Found a faded altar of an unknown god.
  3738 | D:3      | Found a stormy altar of Qazlal.
  3838 | D:3      | Found a basalt altar of Yredelemnul.
  3995 | D:4      | Found a shimmering altar of Xom.
  4499 | D:4      | Found a glowing silver altar of Zin.
  4582 | D:5      | Entered Level 5 of the Dungeon
  4772 | D:5      | Reached XP level 8. HP: 43/48 MP: 8/8
  4982 | D:5      | Found an iron altar of Okawaru.
  5041 | D:5      | Found Kuytihuk's Elemental Accessories.
  5216 | D:6      | Reached skill level 5 in Fighting
  5225 | D:5      | Noticed a rust devil
  5225 | D:5      | Noticed a rust devil
  5235 | D:6      | HP: 2/49 [orc warrior/+0 flail (13)]
  5236 | D:6      | Slain by an orc warrior

Illustrated notes

Levels and vault maps discovered:
D:1:      spicycebolla_green_bress_n_ham, layout_basic
D:2:      layout_basic, corexii_item_surrounded_by_moat, minmay_statues_item,
          kennysheep_generic_room_11
D:3:      layout_loops_ring, mainiacjoe_overflow_24_doors,
          mainiacjoe_overflow_alcove_4, mainiacjoe_overflow_tiny_flanked,
          mainiacjoe_overflow_cross_hatched,
          shapermc_ecumenical_altar_rom_forum, uniq_jessica
D:4:      layout_loops_corners, grunt_temple_overflow_order_and_chaos_1,
          kennysheep_little_box, minmay_temple_entry_large_hall,
          lightli_sewer_entry_pipes, uniq_grinder
D:5:      cheibrodos_iron_armory, layout_rooms, mainiacjoe_overflow_catwalk,
          nicolae_elemental_shop
D:6:      layout_cave_pools, mainiacjoe_overflow_brackets,
          nicolae_vehumet_altar_sigil, serial_shops, nicolae_shop_behind_doors

Skill      XL: |  1  2  3  4  5  6  7  8 |
---------------+-------------------------+-----
Armour         | 4 5 6 |  6.1
Fighting       | 4 5 |  5.0
Maces & Flails | 4 5 6 |  6.0
Throwing       | 1 2 |  2.9
Dodging        | 2 3 |  3.3

Action                   |  1- 3 |  4- 6 |  7- 9 || total
-------------------------+-------+-------+-------++-------
Melee: Mace              |    81 |    27 |    72 ||   180
       Flail             |       |    51 |   278 ||   329
       Punch             |       |     2 |     3 ||     5
Throw: Stone             |    17 |       |       ||    17
       Boomerang         |       |       |     1 ||     1
Invok: Berserk           |     1 |     4 |       ||     5
  Use: Scroll            |       |       |    10 ||    10
       Potion            |       |       |     2 ||     2
Armor: Animal skin       |     3 |       |       ||     3
       Leather armour    |    17 |    20 |   158 ||   195
Dodge: Dodged            |    40 |    47 |   234 ||   321
Block: Other             |       |       |     8 ||     8
